 Dungeon Crawl Stone Soup version 0.22.0 (webtiles) character file.

4806 Masnef the Archer (level 10, -6/91 HPs)
             Began as a Centaur Ice Elementalist on Aug 11, 2018.
             Was a High Priest of Okawaru.
             Killed from afar by a deep elf knight (48 damage)
             ... with a shard of ice
             ... on level 8 of the Dungeon.
             The game lasted 00:51:05 (9300 turns).

Masnef the Archer (Centaur Ice Elementalist)        Turns: 9300, Time: 00:51:05

Health: -6/91      AC:  7    Str: 19    XL:     10   Next: 24%
Magic:  12/12      EV:  9    Int: 14    God:    Okawaru [*****.]
Gold:   285        SH:  0    Dex: 14    Spells: 11/12 levels left

rFire    . . .     SeeInvis .     - Unarmed
rCold    . . .     Gourm    .   (no shield)
rNeg     . . .     Faith    .   T - +1 leather armour of Abstinence {Str+4}
rPois    .         Spirit   .   E - +0 hat
rElec    .         Reflect  .   (no cloak)
rCorr    +         Harm     .   k - +1 pair of gloves
MR       .....                  (no barding)
Stlth    +.........             g - amulet of regeneration
HPRegen  0.65/turn              B - ring of resist corrosion
MPRegen  0.13/turn              G - +5 ring of strength

@: very quick
A: large, hooves 3, deformed body, speed 2, tough skin 3
a: Heroism, Finesse, Renounce Religion


You were on level 8 of the Dungeon.
You worshipped Okawaru.
Okawaru was extremely pleased with you.
You were not hungry.

You visited 2 branches of the dungeon, and saw 9 of its levels.
You also visited: Ossuary.

You collected 285 gold pieces.

Inventory:

Hand Weapons
 m - a +1 hunting sling
 A - a +0 battleaxe of chopping
 C - a +2 flail of pain
 I - a +0 antimagic hand axe
 J - a +3 dagger
 M - a +0 shortbow
 U - a +0 longbow of velocity
Missiles
 p - 12 sling bullets
 w - 96 arrows
 D - 6 needles of confusion
Armour
 a - a +0 robe
 k - a +1 pair of gloves (worn)
 E - a +0 hat (worn)
 R - a +0 troll leather armour
 T - the +1 leather armour of Abstinence (worn) {Str+4}
   (You found it on level 7 of the Dungeon)

   It affects your strength (+4).
Jewellery
 g - an amulet of regeneration (around neck)
 B - a ring of resist corrosion (left hand)
 G - a +5 ring of strength (right hand)
 N - an uncursed amulet of the acrobat
Wands
 r - a wand of random effects (57)
 O - a wand of flame (24)
 S - a wand of iceblast (6)
Scrolls
 b - a scroll of enchant armour
 f - a scroll of random uselessness
 h - a scroll of identify
 i - a scroll of magic mapping
 y - 4 scrolls of teleportation
 z - 2 scrolls of remove curse
 Q - a scroll of blinking
Potions
 c - a potion of magic
 d - 4 potions of degeneration
 e - a potion of invisibility
 j - a potion of cancellation
 l - 4 potions of flight {unknown}
 n - 5 potions of mutation
 q - 4 potions of brilliance
 s - a potion of berserk rage {unknown}
 u - 3 potions of curing {unknown}
 v - a potion of lignification {unknown}
 x - 3 potions of heal wounds
 F - a potion of resistance {unknown}
 L - a potion of might
Comestibles
 K - 5 rations


   Skills:
 - Level 9.5 Fighting
 + Level 10.2 Bows
 - Level 1.3 Dodging
 - Level 1.1 Stealth
 - Level 8.6 Unarmed Combat
 - Level 1.5 Spellcasting
   Level 0.8 Conjurations
 - Level 2.6 Ice Magic


You had 11 spell levels left.
You knew the following spells:

 Your Spells              Type           Power        Failure   Level  Hunger
a - Freeze                Ice            #...         10%         1    ##.....

Your spell library contained the following spells:

 Spells                   Type           Power        Failure   Level  Hunger
 Throw Frost              Conj/Ice       #.....       22%         2    ###....
 Summon Ice Beast         Ice/Summ       #.......     86%         4    #####..
 Ozocubu's Armour         Chrm/Ice       #.......     45%         3    ####...
 Throw Icicle             Conj/Ice       #.......     82%         4    #####..


Dungeon Overview and Level Annotations

Branches:
Dungeon (8/15)             Temple (1/1) D:6
   Lair: D:8-11

Altars:
Ashenzari
Kikubaaqudgha
Makhleb
Okawaru
Qazlal
Sif Muna
Vehumet
Wu Jian
The Shining One

Shops:
D:5 =


Innate Abilities, Weirdness & Mutations

You have hooves in place of feet.
Armour fits poorly on your strangely shaped body.
You cover ground very quickly.
You have extremely tough skin. (AC +3)


Message History

Evoke which item? (* to show all) (? for menu, Esc to quit)
Aiming: Iceblast
Press: ? - help, Shift-Dir - straight line The mass of ice explodes!
The iceblast engulfs something.
You hear some strange, mumbled words.
A shard of ice appears from out of thin air!
The shard of ice hits you!
Unknown command.
Things that are here:
a whip of electrocution; a robe
Things that are here:
a giant club; a giant spiked club; a ring mail
There is a stone staircase leading up here.
You hear some strange, mumbled words.
A shard of ice appears from out of thin air!
The shard of ice hits you!
A shard of ice appears from out of thin air!
The shard of ice hits you!
Ouch! That really hurt!
You die...

.......# #.#
####'### #.# # #.#
#.# #
#.#####.###### #
#.....{......#
####..####.######
(.(...# #.# #####.#
#.########
#####.####.{.)).@<#
............#######
#############


There were no monsters in sight!

Vanquished Creatures
  A two-headed ogre (D:8)
  Pikel (D:8)
  The ghost of Ymberto the Magician, a novice DEFE of Sif Muna (D:5)
  A troll (D:7)
  Sigmund (D:6)
  A sky beast (D:6)
  A black bear (D:6)
  2 ice beasts
  2 ogres
  2 phantoms (D:5)
  2 centaurs
  2 bullfrogs (D:7)
  A wyvern zombie (D:6)
  12 scorpions
  A wyvern skeleton (D:7)
  2 howler monkeys
  3 centaur zombies
  4 crimson imps
  4 human zombies (Ossuary)
  6 hounds
  2 jellies
  3 orc priests
  4 orc wizards
  A bullfrog skeleton (D:7)
  Jessica (D:4)
  2 iguanas
  2 worker ants
  2 killer bee zombies
  A big kobold zombie (Ossuary)
  2 hound skeletons
  A hound zombie (D:6)
  3 mummies (Ossuary)
  3 gnolls (D:4)
  3 scorpion zombies (Ossuary)
  8 adders
  An ooze (D:3)
  2 adder skeletons (D:7)
  A worm (D:4)
  4 dart slugs
  3 leopard geckos
  13 orcs
  2 giant cockroaches
  2 goblins
  14 hobgoblins
  5 jackals
  2 quokkas (D:3)
  A ball python (D:4)
  9 bats
  5 frilled lizards
  3 goblin zombies (Ossuary)
  2 hobgoblin zombies (Ossuary)
  6 kobolds
  2 kobold zombies (Ossuary)
  A leopard gecko skeleton (D:7)
  An orc zombie (Ossuary)
  9 rats
176 creatures vanquished.

Vanquished Creatures (others)
  4 slaves (D:8)
  2 scorpions (Ossuary)
  2 orc wizards (D:8)
  An orc (D:8)
9 creatures vanquished.

Grand Total: 185 creatures vanquished

Notes
Turn   | Place    | Note
-------+----------+-------------------------------------------
     0 | D:1      | Masnef the Centaur Ice Elementalist began the quest for the Orb.
     0 | D:1      | Reached XP level 1. HP: 14/14 MP: 3/3
   120 | D:1      | Reached skill level 1 in Fighting
   219 | D:1      | Reached XP level 2. HP: 22/24 MP: 4/4
  1309 | D:2      | Reached skill level 1 in Unarmed Combat
  1309 | D:2      | Reached XP level 3. HP: 26/30 MP: 3/5
  1359 | D:2      | Found a shattered altar of Ashenzari.
  1499 | D:2      | Found an ancient bone altar of Kikubaaqudgha.
  1711 | D:2      | Found a faded altar of an unknown god.
  1713 | D:2      | Became a worshipper of Warmaster Okawaru
  1713 | D:2      | Reached * piety under Okawaru
  2178 | D:3      | Noticed an ice beast
  2522 | D:3      | Reached XP level 4. HP: 37/37 MP: 6/6
  2694 | D:3      | Killed an ice beast
  2694 | D:3      | Reached XP level 5. HP: 28/47 MP: 7/7
  3298 | D:3      | Reached XP level 6. HP: 55/55 MP: 2/8
  3311 | D:3      | Reached ** piety under Okawaru
  3311 | D:3      | Reached skill level 5 in Fighting
  3563 | D:4      | Found a glowing golden altar of the Shining One.
  3698 | D:4      | Found a sand-covered staircase.
  3706 | Ossuary  | Entered an ossuary
  3857 | Ossuary  | Reached XP level 7. HP: 59/62 MP: 5/9
  4144 | Ossuary  | Reached *** piety under Okawaru
  4144 | Ossuary  | Reached skill level 5 in Unarmed Combat
  4291 | Ossuary  | HP: 6/64 [poisoned by a scorpion]
  4297 | Ossuary  | HP: 4/64 [poisoned by a scorpion]
  4303 | Ossuary  | HP: 2/64 [poisoned by a scorpion]
  4308 | Ossuary  | HP: 3/64 [poisoned by a scorpion]
  4315 | Ossuary  | HP: 4/64 [poisoned by a scorpion]
  4322 | Ossuary  | HP: 6/64 [poisoned by a scorpion]
  4816 | D:4      | Reached XP level 8. HP: 25/73 MP: 2/10
  4913 | D:4      | Received a gift from Okawaru
  4990 | D:4      | Found a radiant altar of Vehumet.
  4991 | D:4      | Found a burning altar of Makhleb.
  5267 | D:4      | Noticed Jessica
  5288 | D:4      | Killed Jessica
  5289 | D:4      | Found a deep blue altar of Sif Muna.
  5336 | D:5      | Entered Level 5 of the Dungeon
  5482 | D:5      | Found a runed gate.
  5482 | D:5      | Found a runed gate.
  5482 | D:5      | Found a runed gate.
  5774 | D:5      | Identified a scroll of acquirement
  5931 | D:5      | Found Deakorur's Jewellery Boutique.
  5962 | D:5      | Noticed Ymberto's ghost (novice DEFE)
  6000 | D:5      | Killed Ymberto's ghost
  6000 | D:5      | Reached **** piety under Okawaru
  6057 | D:5      | Reached XP level 9. HP: 42/82 MP: 6/11
  6434 | D:6      | Noticed Sigmund
  6441 | D:6      | Killed Sigmund
  6915 | D:6      | Received a gift from Okawaru
  6915 | D:6      | Reached skill level 1 in Bows
  7230 | D:6      | Reached skill level 2 in Bows
  7370 | D:6      | Reached skill level 3 in Bows
  7478 | D:6      | Found a staircase to the Ecumenical Temple.
  7487 | Temple   | Entered the Ecumenical Temple
  7738 | D:7      | Reached skill level 4 in Bows
  7753 | D:7      | Reached ***** piety under Okawaru
  7882 | D:7      | Reached skill level 5 in Bows
  8056 | D:7      | Noticed a troll
  8070 | D:7      | Killed a troll
  8070 | D:7      | Reached skill level 6 in Bows
  8112 | D:7      | Reached skill level 7 in Bows
  8122 | D:7      | Got a distressingly furry leather armour
  8133 | D:7      | Identified the +1 leather armour of Abstinence {Str+4} (You found it on level 7 of the Dungeon)
  8159 | D:7      | Found a stormy altar of Qazlal.
  8544 | D:8      | Noticed Pikel
  8606 | D:8      | Killed Pikel
  8606 | D:8      | Reached skill level 8 in Bows
  8606 | D:8      | Reached XP level 10. HP: 42/91 MP: 5/12
  8815 | D:8      | Noticed a two-headed ogre
  8844 | D:8      | Killed a two-headed ogre
  8844 | D:8      | Received a gift from Okawaru
  8844 | D:8      | Reached skill level 10 in Bows
  8983 | D:8      | Found an ancient bone altar of Kikubaaqudgha.
  8983 | D:8      | Found an ornate altar of the Wu Jian Council.
  8984 | D:8      | Noticed an orc knight
  8987 | D:8      | Noticed a deep elf knight
  9011 | D:8      | HP: 9/91 [something (11)]
  9300 | D:8      | Killed from afar by a deep elf knight

Skill      XL: |  1  2  3  4  5  6  7  8  9 10 |
---------------+-------------------------------+-----
Fighting       | 1 2 4 5 7 8 9 |  9.5
Unarmed Combat | 1 2 4 5 7 8 |  8.6
Bows           | 8 10 | 10.2
Dodging        | |  1.3
Stealth        | |  1.1
Spellcasting   | |  1.5
Conjurations   | |  0.8
Ice Magic      | |  2.6

Action                   |  1- 3 |  4- 6 |  7- 9 | 10-12 || total
-------------------------+-------+-------+-------+-------++-------
Melee: Unarmed           |   124 |   153 |   381 |    19 ||   677
       Kick              |    21 |    35 |    91 |     4 ||   151
       Hunting sling     |     1 |       |       |       ||     1
       Punch             |       |     1 |    12 |     2 ||    15
       Dagger            |       |       |     2 |       ||     2
       Longbow           |       |       |       |     2 ||     2
 Fire: Hunting sling     |     3 |    16 |     9 |       ||    28
       Shortbow          |       |       |    74 |    13 ||    87
       Longbow           |       |       |       |     5 ||     5
Throw: Throwing net      |       |       |       |     1 ||     1
 Cast: Freeze            |    32 |    44 |   101 |     1 ||   178
Invok: Heroism           |       |       |     2 |       ||     2
Evoke: Wand              |       |     3 |     2 |     2 ||     7
  Use: Scroll            |       |     5 |     9 |     5 ||    19
       Potion            |       |       |       |     1 ||     1
 Stab: Sleeping          |       |       |     1 |       ||     1
  Eat: Chunk             |     3 |     6 |    12 |     2 ||    23
       Ration            |       |       |     1 |     1 ||     2
Armor: Robe              |    48 |    52 |   121 |       ||   221
       Leather armour    |       |       |    10 |    13 ||    23
Dodge: Dodged            |    67 |    99 |   212 |     8 ||   386
